 Dungeon Sprint DCSS version 0.19.1 (webtiles) character file.

1316 yeeve the Carver (level 8, -5/83 HPs)
             Began as a Minotaur Fighter on Dec 21, 2016.
             Was a Believer of Okawaru.
             Shot with an arrow by a centaur warrior (17 damage)
             ... in the Dungeon (Sprint IX: "|||||||||||||||||||||||||||||").
             The game lasted 00:03:38 (422 turns).

yeeve the Carver (Minotaur Fighter)                  Turns: 422, Time: 00:03:39

Health: -5/83      AC: 14    Str: 30    XL:     8   Next: 33%
Magic:  8/12       EV: 12    Int:  8    God:    Okawaru [**....]
Gold:   0          SH: 13    Dex: 11    Spells: 0 memorised, 7 levels left

rFire  . . .     SeeInvis .     a - +2 scimitar (holy)
rCold  . . .     Gourm    .     t - +1 scale mail
rNeg   . . .     Faith    .     c - +0 shield
rPois  .         Spirit   .     (helmet restricted)
rElec  .         Reflect  .     s - +0 cloak
rCorr  .         Harm     .     r - +0 pair of gloves
MR     .....     NoTele   +     (no boots)
Stlth  +.........               (no amulet)
                                v - +3 ring of intelligence
                                u - +3 ring of strength

@: mighty, liquid flames, heroism, glowing
A: retaliatory headbutt, horns 2
a: Heroism, Renounce Religion


You were in the Dungeon.
You worshipped Okawaru.
Okawaru was pleased with you.
You were not hungry.

You visited 1 branch

Inventory:

Hand Weapons
 a - a +2 scimitar of holy wrath (weapon)
 b - a +4 quarterstaff of speed
Armour
 c - a +0 shield (worn)
 r - a +0 pair of gloves (worn)
 s - a +0 cloak (worn)
 t - a +1 scale mail (worn)
Jewellery
 u - a +3 ring of strength (left hand)
 v - a +3 ring of intelligence (right hand)
Wands
 o - a wand of acid (7/15)
Scrolls
 k - 2 scrolls of blinking
 n - 2 scrolls of remove curse
Potions
 e - 5 potions of curing
 g - 3 potions of heal wounds
 h - a potion of haste
 i - 4 potions of magic
Comestibles
 f - a bread ration
 l - 6 chunks of flesh


   Skills:
 + Level 11.8(16.8) Fighting
 * Level 12.3(17.3) Long Blades
 + Level 10.8(15.8) Armour
 - Level 6.7(11.7) Shields
 + Level 6.9 Invocations


You had 7 spell levels left.
You didn't know any spells.

Dungeon Overview and Level Annotations

Branches:
Dungeon (1/1)

Altars:
Cheibriados
Dithmenos
Elyvilon
Fedhas
Gozag
Hepliaklqana
Kikubaaqudgha
Makhleb
Nemelex Xobeh
Okawaru
Qazlal
Ru
Sif Muna
Trog
Uskayaw
Vehumet
Xom
Yredelemnul
Zin
The Shining One
Beogh
Jiyva
Lugonu


Innate Abilities, Weirdness & Mutations

You reflexively headbutt those who attack you in melee.
You have a pair of horns on your head.


Message History

The cyclops hits you!
* * * LOW HITPOINT WARNING * * *
There is an open door, spattered with blood here.
Things that are here:
+0 mottled dragon scales; a mottled dragon corpse You slice the cyclops!!
Your headbutt misses the cyclops.
The cyclops is heavily wounded.
You are covered in liquid flames!
* * * LOW HITPOINT WARNING * * *
You slice the cyclops!!
You kill the cyclops!
Okawaru is honoured by your kill.
Your base Long Blades skill increases to level 12!
You have reached level 8!
You feel stronger.
You are covered in liquid flames!
* * * LOW HITPOINT WARNING * * *
The centaur warrior wields a shortbow.
The centaur warrior shoots an arrow.
The arrow hits you!
You die...

▓+▓
▓.▓
▓.▓
▓.▓
▓W▓
▓c▓
▓(▓
▓H▓
▓.▓
▓.▓
▓(▓
▓.▓
▓(▓
▓)▓
▓)▓
▓[▓


You could see a centaur warrior and a hungry ghost.

Vanquished Creatures
  A hill giant (D)
  A cyclops (D)
  A meliai (shapeshifter) (D)
  A mottled dragon (D)
  2 centaurs (D)
  A scorpion (D)
  A hound (D)
  An iguana (D)
  3 worker ants (D)
  A bat skeleton (D)
  2 hobgoblins (D)
  A kobold (D)
  A bat (D)
  A rat (D)
18 creatures vanquished.

Vanquished Creatures (others)
  A black bear (D)
  A jackal (D)
2 creatures vanquished.

Grand Total: 20 creatures vanquished

Notes
Turn   | Place    | Note
-------+----------+-------------------------------------------
     0 | D        | yeeve the Minotaur Fighter began the quest for the Orb.
     0 | D        | Reached XP level 1. HP: 19/19 MP: 0/0
   133 | D        | Noticed a worker ant
   133 | D        | Noticed an iguana
   133 | D        | Noticed a scorpion
   133 | D        | Noticed a worker ant
   136 | D        | Reached skill level 5 in Fighting
   139 | D        | Killed a worker ant
   139 | D        | Reached skill level 5 in Armour
   139 | D        | Reached skill level 5 in Shields
   139 | D        | Reached XP level 2. HP: 31/31 MP: 1/1
   139 | D        | Reached XP level 3. HP: 38/38 MP: 2/2
   142 | D        | Killed a scorpion
   142 | D        | Reached XP level 4. HP: 48/48 MP: 3/3
   144 | D        | Reached skill level 3 in Long Blades
   226 | D        | Found a roughly hewn altar of Beogh.
   226 | D        | Found a snail-covered altar of Cheibriados.
   226 | D        | Found a shadowy altar of Dithmenos.
   226 | D        | Found a white marble altar of Elyvilon.
   226 | D        | Found a blossoming altar of Fedhas.
   226 | D        | Found an opulent altar of Gozag.
   227 | D        | Found a hazy altar of Hepliaklqana.
   228 | D        | Found a viscous altar of Jiyva.
   229 | D        | Found an ancient bone altar of Kikubaaqudgha.
   230 | D        | Found a corrupted altar of Lugonu.
   231 | D        | Found a burning altar of Makhleb.
   232 | D        | Found a sparkling altar of Nemelex Xobeh.
   233 | D        | Found an iron altar of Okawaru.
   234 | D        | Found a stormy altar of Qazlal.
   235 | D        | Found a sacrificial altar of Ru.
   236 | D        | Found a deep blue altar of Sif Muna.
   237 | D        | Found a bloodstained altar of Trog.
   238 | D        | Found a hide-covered altar of Uskayaw.
   239 | D        | Found a radiant altar of Vehumet.
   240 | D        | Found a shimmering altar of Xom.
   241 | D        | Found a basalt altar of Yredelemnul.
   243 | D        | Became a worshipper of Warmaster Okawaru
   245 | D        | Found a glowing silver altar of Zin.
   246 | D        | Found a glowing golden altar of the Shining One.
   302 | D        | Noticed a centaur
   302 | D        | Noticed a black bear
   302 | D        | Noticed a centaur
   302 | D        | Noticed a hill giant
   306 | D        | Killed a hill giant
   306 | D        | Reached * piety under Okawaru
   306 | D        | Reached skill level 10 in Fighting
   306 | D        | Reached skill level 8 in Long Blades
   306 | D        | Reached XP level 5. HP: 47/58 MP: 3/7
   306 | D        | Reached XP level 6. HP: 54/66 MP: 3/8
   310 | D        | Reached skill level 9 in Long Blades
   323 | D        | Reached skill level 5 in Invocations
   323 | D        | Reached XP level 7. HP: 60/73 MP: 4/9
   407 | D        | Noticed a hungry ghost
   407 | D        | Noticed a centaur warrior
   407 | D        | Noticed a cyclops
   407 | D        | Noticed a meliai
   415 | D        | Reached ** piety under Okawaru
   415 | D        | Reached skill level 10 in Long Blades
   419 | D        | Killed a meliai
   419 | D        | Reached skill level 11 in Long Blades
   419 | D        | Reached skill level 10 in Armour
   422 | D        | Killed a cyclops
   422 | D        | Reached skill level 12 in Long Blades
   422 | D        | Reached XP level 8. HP: 16/83 MP: 8/12
   422 | D        | Shot with an arrow by a centaur warrior

Skill      XL: |  1  2  3  4  5  6  7 |
---------------+----------------------+-----
Fighting       | 6 8 10 11 | 11.8
Armour         | 5 6 8 9 10 | 10.8
Shields        | 5 6 |  6.7
Long Blades    | 8 9 12 | 12.3
Invocations    | 4 5 6 |  6.9

Action                   |  1- 3 |  4- 6 |  7- 9 || total
-------------------------+-------+-------+-------++-------
Melee: Long sword        |    25 |       |       ||    25
       Headbutt          |     7 |     4 |     1 ||    12
       Whip              |     8 |     4 |       ||    12
       Scimitar          |       |    16 |    13 ||    29
Invok: Heroism           |       |       |     1 ||     1
  Use: Potion            |     1 |     1 |     1 ||     3
       Scroll            |       |     1 |       ||     1
 Stab: Invisible         |       |     1 |       ||     1
Armor: Scale mail        |    13 |     6 |     3 ||    22
Dodge: Dodged            |     7 |     9 |     4 ||    20
Block: Shield            |    16 |    13 |     6 ||    35
       Rpst.: Scimitar   |       |     1 |     1 ||     2
